 Dungeon Crawl Stone Soup version 0.24.0-29-g8ce449bc06 (webtiles) character file.

Game seed: 5435605084906528950, levelgen mode: deterministic

97 Johnny the Slasher (level 4, -3/44 HPs)
             Began as a Troll Berserker on Nov 14, 2019.
             Was a Believer of Trog.
             Slain by a gnoll
             ... wielding a +0 spear
              (11 damage)
             ... on level 2 of the Dungeon.
             The game lasted 00:02:40 (1183 turns).

Johnny the Slasher (Troll Berserker)                Turns: 1183, Time: 00:02:41

Health: -3/44      AC:  6    Str: 24 (26) XL:     4   Next: 42%
Magic:  3/3        EV: 10    Int:  6 (8)  God:    Trog [**....]
Gold:   99         SH:  0    Dex:  7 (9)  Spells: 3/3 levels left

rFire    + . .     SeeInvis .   f - +1 short sword (venom)
rCold    + . .     Gourm    +   (no shield)
rNeg     . . .     Faith    .   b - +0 animal skin
rPois    +         Spirit   .   (helmet restricted)
rElec    +         Reflect  .   (no cloak)
rCorr    +         Harm     .   (gloves unavailable)
MR       .....                  (boots unavailable)
Stlth    +.........             (no amulet)
HPRegen  0.54/turn              (no ring)
MPRegen  0.08/turn              (no ring)

@: brilliant, lethally poisoned (-3 -> -3), resistant, berserk cooldown, flying
(expiring), very slightly contaminated, slowed, invisible, very slow
A: large, unfitting armour, claws 3, fast metabolism 3, gourmand, regeneration
1, shaggy fur 1, tough skin 3
a: Berserk, Trog's Hand, Renounce Religion


You were on level 2 of the Dungeon.
You worshipped Trog.
Trog was pleased with you.
You were very full.

You visited 1 branch of the dungeon, and saw 2 of its levels.

You collected 99 gold pieces.

Inventory:

Hand Weapons
 a - a +0 falchion
 f - a +1 short sword of venom (weapon)
Armour
 b - a +0 animal skin (worn)
Scrolls
 e - a scroll of teleportation {unknown}
 h - a scroll of remove curse {unknown}
 k - a scroll of random uselessness {unknown}
 m - a scroll of enchant armour {unknown}
 o - a scroll of identify {unknown}
Potions
 i - 3 potions of degeneration
 j - a potion of brilliance
 q - a potion of heal wounds {unknown}
Comestibles
 c - 3 rations
 n - 3 chunks of flesh


   Skills:
 - Level 2.4 Fighting
 * Level 3.8 Long Blades
 + Level 3.2 Dodging


You had 3 spell levels left.
You didn't know any spells.
Your spell library was empty.

Dungeon Overview and Level Annotations

Branches:
Dungeon (2/15)

Altars:

Annotations:
D:2 Natasha


Innate Abilities, Weirdness & Mutations

You are too large for most types of armour.
You have claws for hands.
Your metabolism is lightning-fast.
You like to eat raw meat.
Your natural rate of healing is unusually fast.
You are covered in fur. (AC +1)
You have extremely tough skin. (AC +3)


Message History

The gnoll hits you from afar with a +0 spear.
* * * LOW HITPOINT WARNING * * *
The adder closely misses you. The adder bites you.
* * * LOW HITPOINT WARNING * * *
The gnoll hits you from afar with a +0 spear.
* * * LOW HITPOINT WARNING * * *
The gnoll barely misses you.
It was a potion of invisibility.
You fade into invisibility!
You feel sick.
The gnoll hits you from afar with a +0 spear.
* * * LOW HITPOINT WARNING * * *
The gnoll barely misses you.
You are very lightly contaminated with residual magic.
It was a potion of magic.
Magic courses through your body. The gnoll closely misses you. x2
Natasha, Servant of Life and Death comes into view.
The gnoll hits you from afar with a +0 spear!
You die...

#....### #.#..# #.#..# ..
#.).#####. ..#########
#..##.[...
..........###..#...###########
........((........##....>....#
.....[....h...g#####.##....###
............#gSg@.......####
..............g###..#####
..(.......###.## #.##
..........##..####.########
.......†..##.###..........#
..........##.###..........#
..........##...[..........#
..#.######...#.....#......#
..#..###....###...###.....#


You could see Natasha (wandering), 4 gnolls and an adder.

Vanquished Creatures
  Natasha (D:2)
  3 adders (D:2)
  An ooze (D:1)
  A worm (D:2)
  2 dart slugs
  4 leopard geckos (D:2)
  A giant cockroach (D:2)
  2 goblins
  2 hobgoblins
  A ball python (D:1)
  8 bats
  3 frilled lizards
  6 kobolds
  3 rats
38 creatures vanquished.

Notes
Turn   | Place    | Note
-------+----------+-------------------------------------------
     0 | D:1      | Johnny the Troll Berserker began the quest for the Orb.
     0 | D:1      | Reached XP level 1. HP: 22/22 MP: 0/0
   235 | D:1      | Reached XP level 2. HP: 29/29 MP: 1/1
   910 | D:2      | Reached XP level 3. HP: 35/36 MP: 2/2
   952 | D:2      | Reached ** piety under Trog
  1033 | D:2      | Noticed Natasha
  1044 | D:2      | Killed Natasha
  1044 | D:2      | Reached XP level 4. HP: 40/44 MP: 3/3
  1183 | D:2      | Noticed Natasha
  1183 | D:2      | Slain by a gnoll

Levels and vault maps discovered:
D:1:      co_arrival_random_square_maze, layout_loops_ring,
          grunt_decor_arrowhead, corexii_item_surrounded_by_moat
D:2:      layout_rooms, first_ration, minmay_strange_pillars, uniq_natasha

Skill      XL: |  1  2  3 |
---------------+----------+-----
Long Blades    | 3 |  3.8
Dodging        | 3 |  3.2
Fighting       | |  2.4

Action                   |  1- 3 |  4- 6 || total
-------------------------+-------+-------++-------
Melee: Short sword       |   112 |    17 ||   129
       Falchion          |    15 |       ||    15
Invok: Berserk           |       |     1 ||     1
       Trog's Hand       |       |     1 ||     1
  Use: Potion            |       |     6 ||     6
  Eat: Chunk             |    15 |     1 ||    16
Armor: Animal skin       |    63 |    13 ||    76
Dodge: Dodged            |    84 |    30 ||   114
       Rpst.: Falchion   |     4 |       ||     4
